ITL
BLUEVILLE 83'S @ AMARILLO ARCHDUKES
05/18/2028
 
TOP OF THE 1ST
Blueville 83's batting - Pitching for Amarillo Archdukes : RHP Tsugahara Suzuki
Pitching: RHP Tsugahara Suzuki
Batting: SHB Bob Noble 0-0: Called Strike
0-1: Ball
1-1: Foul Ball, location: 2F
1-2: SINGLE (Groundball, 4MD)
Batting: RHB Matt Perkins 0-0: Ball
1-0: Foul Ball, location: 2F
1-1: Ball
2-1: Ball
3-1: Fly out, F4 (Line Drive, 4)
Batting: RHB Tae-kwon Kwon 0-0: Ball
1-0: Called Strike
1-1: SINGLE (Line Drive, 56)
Bob Noble to second
Batting: LHB António Glaviz 0-0: Called Strike
0-1: Swinging Strike
0-2: Strikes out swinging
Batting: LHB Ricardo Romero 0-0: Swinging Strike
0-1: Ball
1-1: Ball
Wild Pitch!
Bob Noble to third
Tae-kwon Kwon to second
2-1: Foul Ball, location: 2F
2-2: Ball
3-2: Strikes out looking
Top of the 1st over - 0 run(s), 2 hit(s), 0 error(s), 2 left on base; Blueville 0 - Amarillo 0
BOTTOM OF THE 1ST
Amarillo Archdukes batting - Pitching for Blueville 83's : RHP Frank Davis
Pitching: RHP Frank Davis
Batting: RHB Tony Quinn 0-0: Called Strike
0-1: Called Strike
0-2: Ball
1-2: Ball
2-2: Foul Ball, location: 2F
2-2: Ball
3-2: Base on Balls
Batting: SHB Manuel Hegnauer 0-0: Ball
1-0: Ball
2-0: Foul Ball, location: 2F
2-1: Called Strike
2-2: Ball
3-2: Base on Balls
Tony Quinn to second
Batting: LHB Michael Cook 0-0: Ball
1-0: Fly out, F5 (Flyball, 5D)
Batting: LHB Ron Crawford 0-0: 3-RUN HOME RUN (Line Drive, 9LD), Distance : 323 ft
Batting: LHB Howard Lambert 0-0: Ball
1-0: Ball
2-0: Ball
3-0: Base on Balls
Batting: RHB Michael Thomas 0-0: Ball
1-0: Ball
2-0: SINGLE (Line Drive, 56D)
Howard Lambert to second
Batting: RHB Esteban Lara 0-0: Foul Ball, location: 2F
0-1: Called Strike
0-2: Ball
1-2: Foul Ball, location: 2F
1-2: Grounds into double play, 6-4-3 (Groundball, 6)
Bottom of the 1st over - 3 run(s), 2 hit(s), 0 error(s), 1 left on base; Blueville 0 - Amarillo 3
TOP OF THE 2ND
Blueville 83's batting - Pitching for Amarillo Archdukes : RHP Tsugahara Suzuki
Batting: RHB Jimmy Simon 0-0: Ball
1-0: Called Strike
1-1: Ball
2-1: SINGLE (Flyball, 8RS)
Batting: LHB Ron Robinson 0-0: Ball
1-0: Ground out 5-3 (Groundball, 56)
Jimmy Simon to second
Batting: LHB Vincente Sáenz 0-0: Foul Ball, location: 2F
0-1: Called Strike
0-2: Foul Ball, location: 2F
0-2: Foul Ball, location: 2F
0-2: Strikes out looking
Batting: LHB Jacob Wright 0-0: Ball
1-0: Ball
2-0: Ball
3-0: Called Strike
3-1: Called Strike
3-2: Strikes out swinging
Top of the 2nd over - 0 run(s), 1 hit(s), 0 error(s), 1 left on base; Blueville 0 - Amarillo 3
BOTTOM OF THE 2ND
Amarillo Archdukes batting - Pitching for Blueville 83's : RHP Frank Davis
Batting: RHB Herb Bunch 0-0: Ball
1-0: Ball
2-0: Called Strike
2-1: Foul Ball, location: 2F
2-2: Fly out, F4 (Line Drive, 4)
Batting: RHB Juan Barrera 0-0: Called Strike
0-1: Foul Ball, location: 2F
0-2: Ball
1-2: Ball
2-2: Strikes out swinging
Batting: RHB Tony Quinn 0-0: Ball
1-0: Ground out 5-3 (Groundball, 5)
Bottom of the 2nd over - 0 run(s), 0 hit(s), 0 error(s), 0 left on base; Blueville 0 - Amarillo 3
TOP OF THE 3RD
Blueville 83's batting - Pitching for Amarillo Archdukes : RHP Tsugahara Suzuki
Batting: SHB Bob Noble 0-0: Called Strike
0-1: Ball
1-1: Foul Ball, location: 2F
1-2: Fly out, F9 (Flyball, 9)
Batting: RHB Matt Perkins 0-0: Called Strike
0-1: Called Strike
0-2: Ball
1-2: Ball
2-2: Strikes out looking
Batting: RHB Tae-kwon Kwon 0-0: Called Strike
0-1: Foul Ball, location: 2F
0-2: Fly out, F8 (Flyball, 8LD)
Top of the 3rd over - 0 run(s), 0 hit(s), 0 error(s), 0 left on base; Blueville 0 - Amarillo 3
BOTTOM OF THE 3RD
Amarillo Archdukes batting - Pitching for Blueville 83's : RHP Frank Davis
Batting: SHB Manuel Hegnauer 0-0: Ball
1-0: Ball
2-0: Called Strike
2-1: Ball
3-1: Swinging Strike
3-2: Base on Balls
Batting: LHB Michael Cook 0-0: Ball
1-0: Swinging Strike
1-1: Swinging Strike
1-2: Strikes out swinging
Batting: LHB Ron Crawford 0-0: Ball
Manuel Hegnauer is caught stealing 2nd base
1-0: Called Strike
1-1: Ball
2-1: Foul Ball, location: 2F
2-2: Ball
3-2: Strikes out swinging, 2-3 out at first.
Bottom of the 3rd over - 0 run(s), 0 hit(s), 0 error(s), 0 left on base; Blueville 0 - Amarillo 3
TOP OF THE 4TH
Blueville 83's batting - Pitching for Amarillo Archdukes : RHP Tsugahara Suzuki
Batting: LHB António Glaviz 0-0: Ball
1-0: Foul Ball, location: 2F
1-1: Ball
2-1: Hit by Pitch
Batting: LHB Ricardo Romero 0-0: Ball
1-0: Ball
2-0: Ball
3-0: Called Strike
3-1: Base on Balls
António Glaviz to second
Batting: RHB Jimmy Simon 0-0: Ball
1-0: Called Strike
1-1: Called Strike
1-2: Foul Ball, location: 2F
1-2: Foul Ball, location: 2F
1-2: Ball
2-2: Strikes out swinging
Batting: LHB Ron Robinson 0-0: Called Strike
0-1: SINGLE (Line Drive, 6D)
António Glaviz to third
Ricardo Romero to second
Batting: LHB Vincente Sáenz 0-0: Ball
1-0: Swinging Strike
1-1: Fly out, F9 (Flyball, 9LSF)
Runner from 3rd tags up, SCORES, no throw
Batting: LHB Jacob Wright 0-0: SINGLE (Line Drive, 7S)
Ricardo Romero to third
Ron Robinson to second
Runner from 3rd tries for Home, SAFE, no throw
Batting: SHB Bob Noble 0-0: Foul Ball, location: 2F
0-1: Ball
1-1: Ground out U3 (Groundball, 34)
Top of the 4th over - 2 run(s), 2 hit(s), 0 error(s), 2 left on base; Blueville 2 - Amarillo 3
BOTTOM OF THE 4TH
Amarillo Archdukes batting - Pitching for Blueville 83's : RHP Frank Davis
Batting: LHB Howard Lambert 0-0: Called Strike
0-1: Ball
1-1: Ball
2-1: Ball
3-1: Swinging Strike
3-2: Base on Balls
Batting: RHB Michael Thomas 0-0: Called Strike
0-1: Foul Ball, location: 2F
0-2: DOUBLE (Flyball, 78XD)
Howard Lambert to third
Batting: RHB Esteban Lara 0-0: Ball
1-0: Called Strike
1-1: Swinging Strike
1-2: Foul Ball, location: 2F
1-2: Ball
2-2: Ball
3-2: Strikes out swinging
Batting: RHB Herb Bunch 0-0: Ball
1-0: Called Strike
1-1: Foul Ball, location: 2F
1-2: Ball
2-2: Ground out 6-3 (Groundball, 6)
Howard Lambert scores
Batting: RHB Juan Barrera 0-0: Foul Ball, location: 2F
0-1: Swinging Strike
0-2: Ball
1-2: Strikes out swinging
Bottom of the 4th over - 1 run(s), 1 hit(s), 0 error(s), 1 left on base; Blueville 2 - Amarillo 4
TOP OF THE 5TH
Blueville 83's batting - Pitching for Amarillo Archdukes : RHP Tsugahara Suzuki
Batting: RHB Matt Perkins 0-0: Called Strike
0-1: Called Strike
0-2: Strikes out looking
Batting: RHB Tae-kwon Kwon 0-0: Called Strike
0-1: Ball
1-1: Ball
2-1: Swinging Strike
2-2: Strikes out swinging
Batting: LHB António Glaviz 0-0: Foul Ball, location: 2F
0-1: Foul Ball, location: 2F
0-2: DOUBLE (Line Drive, 9LD)
Batting: LHB Ricardo Romero 0-0: Ball
1-0: Ground out 5-3 (Groundball, 56)
Top of the 5th over - 0 run(s), 1 hit(s), 0 error(s), 1 left on base; Blueville 2 - Amarillo 4
BOTTOM OF THE 5TH
Amarillo Archdukes batting - Pitching for Blueville 83's : RHP Frank Davis
Batting: RHB Tony Quinn 0-0: Called Strike
0-1: Called Strike
0-2: Strikes out swinging
Batting: SHB Manuel Hegnauer 0-0: Ball
1-0: Ball
2-0: Ball
3-0: Called Strike
3-1: Swinging Strike
3-2: Foul Ball, location: 2F
3-2: Ground out U3 (Groundball, 34)
Batting: LHB Michael Cook 0-0: Ball
1-0: Called Strike
1-1: Fly out, F7 (Flyball, 7LM)
Bottom of the 5th over - 0 run(s), 0 hit(s), 0 error(s), 0 left on base; Blueville 2 - Amarillo 4
TOP OF THE 6TH
Blueville 83's batting - Pitching for Amarillo Archdukes : RHP Tsugahara Suzuki
Batting: RHB Jimmy Simon 0-0: Ball
1-0: Called Strike
1-1: Fly out, F8 (Flyball, 8RXD)
Batting: LHB Ron Robinson 0-0: Called Strike
0-1: Ground out 6-3 (Groundball, 6)
Batting: LHB Vincente Sáenz 0-0: SINGLE (Line Drive, 6M)
Batting: LHB Jacob Wright 0-0: Fly out, F6 (Line Drive, 6)
Top of the 6th over - 0 run(s), 1 hit(s), 0 error(s), 1 left on base; Blueville 2 - Amarillo 4
BOTTOM OF THE 6TH
Amarillo Archdukes batting - Pitching for Blueville 83's : RHP Frank Davis
Pitching: LHP António Coronado
Batting: LHB Ron Crawford 0-0: Foul Ball, location: 2F
0-1: Ball
1-1: Foul Ball, location: 2F
1-2: Ball
2-2: Strikes out swinging
Batting: LHB Howard Lambert 0-0: Called Strike
0-1: Fly out, F8 (Flyball, 8RM)
Batting: RHB Michael Thomas 0-0: Ball
1-0: Called Strike
1-1: SINGLE (Flyball, 8LS)
Batting: RHB Esteban Lara 0-0: Ground out 1-3 (Groundball, 13)
Bottom of the 6th over - 0 run(s), 1 hit(s), 0 error(s), 1 left on base; Blueville 2 - Amarillo 4
TOP OF THE 7TH
Blueville 83's batting - Pitching for Amarillo Archdukes : RHP Tsugahara Suzuki
Batting: SHB Bob Noble 0-0: Fly out, F9 (Flyball, 9)
Batting: RHB Matt Perkins 0-0: Swinging Strike
0-1: Ball
1-1: Swinging Strike
1-2: Foul Ball, location: 2F
1-2: Strikes out swinging
Batting: RHB Tae-kwon Kwon 0-0: Swinging Strike
0-1: Ball
1-1: Called Strike
1-2: Fly out, F9 (Flyball, 89D)
Top of the 7th over - 0 run(s), 0 hit(s), 0 error(s), 0 left on base; Blueville 2 - Amarillo 4
BOTTOM OF THE 7TH
Amarillo Archdukes batting - Pitching for Blueville 83's : LHP António Coronado
Batting: RHB Herb Bunch 0-0: Ball
1-0: Ground out 5-3 (Groundball, 56)
Batting: RHB Juan Barrera 0-0: Ball
1-0: Ball
2-0: Ball
3-0: Called Strike
3-1: SINGLE (Groundball, 56D)
Batting: RHB Tony Quinn 0-0: Called Strike
0-1: Ball
1-1: SINGLE (Line Drive, 56D)
Juan Barrera to second
Batting: SHB Manuel Hegnauer 0-0: Foul Ball, location: 2F
0-1: Called Strike
0-2: Ball
1-2: SINGLE (Line Drive, 9LS)
Juan Barrera to third
Tony Quinn to second
Batting: LHB Michael Cook 0-0: Called Strike
0-1: Ball
1-1: Foul Ball, location: 2F
1-2: Strikes out swinging
Pinch Hitting: RHB Paul Ladd 0-0: Called Strike
0-1: Ball
1-1: Ball
2-1: Fly out, F8 (Flyball, 89M)
Bottom of the 7th over - 0 run(s), 3 hit(s), 0 error(s), 3 left on base; Blueville 2 - Amarillo 4
TOP OF THE 8TH
Blueville 83's batting - Pitching for Amarillo Archdukes : RHP Tsugahara Suzuki
Pitching: LHP Charlie Conner
Now in RF: Edwin Ryan
Batting: LHB António Glaviz 0-0: Ball
1-0: Ball
2-0: Ball
3-0: Called Strike
3-1: Foul Ball, location: 2F
3-2: Strikes out swinging
Pitching: RHP Brian Hull
Batting: LHB Ricardo Romero 0-0: Ball
1-0: Ball
2-0: Ball
3-0: DOUBLE (Flyball, 7D)
Batting: RHB Jimmy Simon 0-0: Ball
1-0: Foul Ball, location: 2F
1-1: Called Strike
1-2: Ball
2-2: Ball
3-2: Foul Ball, location: 2F
3-2: Strikes out swinging
Batting: LHB Ron Robinson 0-0: Ball
1-0: Called Strike
1-1: Foul Ball, location: 2F
1-2: Ground out U3 (Groundball, 3S)
Top of the 8th over - 0 run(s), 1 hit(s), 0 error(s), 1 left on base; Blueville 2 - Amarillo 4
BOTTOM OF THE 8TH
Amarillo Archdukes batting - Pitching for Blueville 83's : LHP António Coronado
Batting: LHB Howard Lambert 0-0: Called Strike
0-1: Ball
1-1: Swinging Strike
1-2: Ball
2-2: Strikes out looking
Pitching: RHP Santiago González
Batting: RHB Michael Thomas 0-0: Called Strike
0-1: Ground out 5-3 (Groundball, 56)
Batting: RHB Esteban Lara 0-0: Ball
1-0: Ball
2-0: Called Strike
2-1: Swinging Strike
2-2: Strikes out swinging
Bottom of the 8th over - 0 run(s), 0 hit(s), 0 error(s), 0 left on base; Blueville 2 - Amarillo 4
TOP OF THE 9TH
Blueville 83's batting - Pitching for Amarillo Archdukes : RHP Brian Hull
Pitching: LHP Rob Lucas
Batting: LHB Vincente Sáenz 0-0: Foul Ball, location: 2F
0-1: Ball
1-1: Ball
2-1: Foul Ball, location: 2F
2-2: Foul Ball, location: 2F
2-2: Ball
3-2: Foul Ball, location: 2F
3-2: Foul Ball, location: 2F
3-2: SINGLE (Groundball, 4S) (infield hit)
Batting: LHB Jacob Wright 0-0: Ball
1-0: Ball
2-0: Foul Ball, location: 2F
2-1: Foul Ball, location: 2F
2-2: Ball
3-2: Foul Ball, location: 2F
3-2: Foul Ball, location: 2F
3-2: Foul Ball, location: 2F
3-2: Strikes out swinging
Pinch Hitting: RHB Fernando Díaz 0-0: Ball
1-0: Foul Ball, location: 2F
1-1: Ball
2-1: Foul Ball, location: 2F
2-2: SINGLE (Flyball, 3D)
Vincente Sáenz to second
Runner from 2nd tries for 3rd, SAFE, throw made to third
Batting: RHB Matt Perkins 0-0: Foul Ball, location: 2F
0-1: Called Strike
0-2: Ball
1-2: Strikes out swinging
Batting: RHB Tae-kwon Kwon 0-0: Ball
1-0: Ball
2-0: Ball
3-0: Called Strike
3-1: Base on Balls
Fernando Díaz to second
Pinch Hitting: RHB Yoshihide Takahashi 0-0: Foul Ball, location: 2F
0-1: Foul Ball, location: 2F
0-2: Ball
1-2: Ball
2-2: Fielders Choice at 2nd, 5-4 (Groundball, 56)
Top of the 9th over - 0 run(s), 2 hit(s), 0 error(s), 2 left on base; Blueville 2 - Amarillo 4
Tuesday, August 8th, 2017 - OOTP Baseball 17.12 Build 75